 Dungeon Crawl Stone Soup version 0.25.1-2-g60ff931df9 (webtiles) character file.

Game seed: 3891333661676157962

1717 DearestLeader the Ducker (level 8, -10/60 HPs)
             Began as a Demonspawn Gladiator on Oct 7, 2020.
             Mangled by Duvessa
             ... wielding a +0 rapier
              (13 damage)
             ... on level 6 of the Dungeon.
             The game lasted 00:11:51 (5574 turns).

DearestLeader the Ducker (Demonspawn Gladiator)     Turns: 5574, Time: 00:11:52

Health: -10/60     AC: 15    Str: 16    XL:     8   Next: 74%
Magic:  8/8        EV: 13    Int: 11    God:
Gold:   224        SH:  0    Dex: 14    Spells: 7/7 levels left

rFire    . . .     SeeInvis .   G - +1 trident (freeze)
rCold    . . .     Gourm    .   (no shield)
rNeg     . . .     Faith    .   n - +0 chain mail
rPois    .         Spirit   .   c - +0 helmet
rElec    .         Reflect  .   z - +0 cloak
rCorr    .         Harm     .   r - +0 pair of gloves
MR       .....                  (boots unavailable)
Stlth    ..........             (no amulet)
HPRegen  0.20/turn              s - +4 ring of evasion
MPRegen  0.11/turn              J - ring of flight

@: no status effects
A: talons 3, thin metallic scales 1, powered by death 2
a: Evoke Flight


You were on level 6 of the Dungeon.
You were hungry.

You visited 2 branches of the dungeon, and saw 7 of its levels.
You also visited: Ossuary.

You collected 224 gold pieces.

Inventory:

Hand Weapons
 u - a +1 mace of protection
 G - a +1 trident of freezing (weapon)
Missiles
 d - 3 throwing nets
 j - 7 atropa-tipped darts (quivered)
Armour
 b - a +0 leather armour
 c - a +0 helmet (worn)
 h - a +0 ring mail
 m - a +2 hat
 n - a +0 chain mail (worn)
 r - a +0 pair of gloves (worn)
 z - a +0 cloak (worn)
Jewellery
 s - a +4 ring of evasion (left hand)
 B - a +6 ring of intelligence
 J - a ring of flight (right hand)
Wands
 k - a wand of paralysis (5)
 t - a wand of iceblast (10)
 y - a wand of flame (29)
Scrolls
 l - 3 scrolls of remove curse
 o - 3 scrolls of fear
 v - 2 scrolls of amnesia
 w - 2 scrolls of blinking
 A - 3 scrolls of fog {unknown}
 D - a scroll of teleportation {unknown}
 F - a scroll of identify
 K - a scroll of enchant armour {unknown}
 M - a scroll of enchant weapon {unknown}
Potions
 a - 2 potions of heal wounds {unknown}
 e - 5 potions of curing {unknown}
 g - 3 potions of invisibility
 i - 2 potions of stabbing
 p - 2 potions of resistance {unknown}
 q - 2 potions of flight {unknown}
 x - a potion of cancellation {unknown}
 C - a potion of magic {unknown}
 E - a potion of degeneration {unknown}
 H - 2 potions of mutation {unknown}
 I - a potion of lignification {unknown}
 N - a potion of berserk rage {unknown}
Comestibles
 f - 8 rations
 L - 8 chunks of flesh


   Skills:
 + Level 4.2 Fighting
 - Level 4.9 Maces & Flails
 - Level 3.3 Polearms
 - Level 1.7 Throwing
 + Level 5.7 Armour
 + Level 5.9 Dodging


You had 7 spell levels left.
You didn't know any spells.
Your spell library contained the following spells:

 Spells                   Type           Power        Failure   Level  Hunger
 Animate Skeleton         Necr           N/A          99%         1    ##.....
 Apportation              Tloc           #.....       99%         1    ##.....
 Corona                   Hex            #......      99%         1    ##.....
 Summon Small Mammal      Summ           #...         99%         1    ##.....


Dungeon Overview and Level Annotations

Branches:
Dungeon (6/15)             Temple (1/1) D:4         Ossuary (visited)

Altars:
Cheibriados
Dithmenos
Hepliaklqana
Kikubaaqudgha
Makhleb
Okawaru
Qazlal
Ru
Trog
Vehumet
Wu Jian
Xom
Yredelemnul
Zin
The Shining One

Annotations:
D:6 Duvessa


Innate Abilities, Weirdness & Mutations

You have claws for feet.
You are partially covered in thin metallic scales. (AC +2)
You regenerate health from kills.


Message History

You barely miss Duvessa. You claw Duvessa.
Duvessa is heavily wounded.
Duvessa hits you but does no damage.
You closely miss Duvessa.
Duvessa is heavily wounded.
Duvessa hits you with a +0 rapier! Duvessa hits you but does no damage.
You barely miss Duvessa. You claw Duvessa, but do no damage.
Duvessa is heavily wounded.
Duvessa barely misses you. Duvessa hits you with a +0 rapier.
You hit Duvessa but do no damage. You claw Duvessa!
Duvessa is severely wounded.
Duvessa hits you with a +0 rapier!
You hit Duvessa. You freeze Duvessa. You claw Duvessa.
Duvessa is severely wounded.
Duvessa hits you with a +0 rapier!
* * * LOW HITPOINT WARNING * * *
Duvessa hits you with a +0 rapier!
* * * LOW HITPOINT WARNING * * *
Duvessa hits you with a +0 rapier!
You die...

# .## #.## ##.....## #..#
#.......# #.# #.......#
#)# #.......####Z####
#.......##..e...#
#.......##.#@##.#
#....>..##.#.##.#
#.......## #....#
#.#.....##.###.>#
#<#..#..##.###..#####
#.###....#..##............
#......#....####.#.#.####.
...###...##........#.# ##
###.#######.#.....


You could see Duvessa (berserk) and a hound zombie.

Vanquished Creatures
  An ice beast (D:6)
  A necrophage (D:5)
  5 ogres
  A phantom (D:5)
  Blork the orc (D:6)
  Dowan (D:6)
  2 scorpions
  3 centaur zombies (Ossuary)
  Crazy Yiuf (D:3)
  2 hounds
  2 human zombies (Ossuary)
  An orc priest (D:3)
  A bullfrog skeleton (D:5)
  2 orc wizards
  Ijyb (D:3)
  2 worker ants (D:4)
  8 big kobold zombies (Ossuary)
  A hound skeleton (D:4)
  3 mummies (Ossuary)
  3 scorpion zombies (Ossuary)
  10 adders
  A shadow imp (D:6)
  5 worms
  A leopard gecko (D:5)
  10 orcs
  3 gnoll zombies (Ossuary)
  3 goblins
  4 hobgoblins
  4 quokkas
  6 bats
  5 frilled lizards
  A goblin zombie (Ossuary)
  A hobgoblin zombie (Ossuary)
  3 kobolds
  A kobold zombie (Ossuary)
  A leopard gecko skeleton (D:4)
  2 orc zombies (Ossuary)
  A quokka zombie (D:6)
  6 rats
110 creatures vanquished.

Vanquished Creatures (others)
  2 scorpions (Ossuary)
  A gnoll zombie (Ossuary)
3 creatures vanquished.

Grand Total: 113 creatures vanquished

Notes
Turn   | Place    | Note
-------+----------+-------------------------------------------
     0 | D:1      | DearestLeader the Demonspawn Gladiator began the quest for
                  | the Orb.
     0 | D:1      | Reached XP level 1. HP: 16/16 MP: 1/1
   527 | D:2      | Gained mutation: You are partially covered in thin metallic
                  | scales. (AC +2) [demonic ancestry]
   527 | D:2      | Reached XP level 2. HP: 22/22 MP: 2/2
   588 | D:2      | Reached skill level 1 in Armour
  1189 | D:2      | Gained mutation: You regenerate a little health from kills.
                  | [demonic ancestry]
  1189 | D:2      | Reached XP level 3. HP: 23/28 MP: 3/3
  1858 | D:3      | Found a sacrificial altar of Ru.
  1898 | D:3      | Gained mutation: You have sharp toenails. [demonic
                  | ancestry]
  1898 | D:3      | Reached XP level 4. HP: 13/34 MP: 4/4
  2488 | D:3      | Found a runed translucent door.
  2489 | D:3      | Noticed Crazy Yiuf
  2512 | D:3      | Noticed Ijyb
  2522 | D:3      | Paralysed by Ijyb for 7 turns
  2537 | D:3      | Killed Ijyb
  2724 | D:3      | Gained mutation: You regenerate health from kills. [demonic
                  | ancestry]
  2724 | D:3      | Reached XP level 5. HP: 38/41 MP: 5/5
  2966 | D:3      | Killed Crazy Yiuf
  3255 | D:4      | Reached skill level 1 in Maces & Flails
  3255 | D:4      | Reached XP level 6. HP: 30/47 MP: 6/6
  3306 | D:4      | Found a burning altar of Makhleb.
  3600 | D:4      | Found a sand-covered staircase.
  3605 | Ossuary  | Entered an ossuary
  3750 | Ossuary  | Gained mutation: You have razor-sharp toenails. [demonic
                  | ancestry]
  3750 | Ossuary  | Reached XP level 7. HP: 44/52 MP: 7/7
  4303 | D:4      | Reached skill level 5 in Dodging
  4303 | D:4      | Gained mutation: You have claws for feet. [demonic
                  | ancestry]
  4303 | D:4      | Reached XP level 8. HP: 31/58 MP: 8/8
  4587 | D:4      | Found a staircase to the Ecumenical Temple.
  4642 | Temple   | Entered the Ecumenical Temple
  4749 | D:4      | Found an ancient bone altar of Kikubaaqudgha.
  4863 | D:5      | Entered Level 5 of the Dungeon
  4993 | D:5      | Reached skill level 5 in Armour
  5207 | D:5      | Found a glowing silver altar of Zin.
  5208 | D:5      | Found a shadowy altar of Dithmenos.
  5267 | D:5      | Found a stormy altar of Qazlal.
  5458 | D:6      | Noticed Blork the orc
  5467 | D:6      | Killed Blork the orc
  5533 | D:6      | Noticed Dowan
  5550 | D:6      | Killed Dowan
  5556 | D:6      | Noticed Duvessa
  5571 | D:6      | HP: 3/60 [Duvessa/+0 rapier (13)]
  5574 | D:6      | Mangled by Duvessa

Illustrated notes

Levels and vault maps discovered:
D:1:      minmay_arrival_shattered_statue, layout_rooms, serial_corexii_hall,
          corexii_hall_statues_u, chequers_hall_statues_corner_a,
          serial_bayou_crossing
D:2:      layout_loops_ring, first_ration
D:3:      layout_loops_ring, nicolae_ru_awakened_eye, uniq_ijyb,
          uniq_crazy_yiuf_cottage
D:4:      layout_loops_cross, kiku_gazebo_garden_becter,
          minmay_temple_entry_overgrown, enter_ossuary_2, minmay_misc_feat_five,
          bloody_makhleb
D:5:      layout_basic, nicolae_overflow_hidden_temple
D:6:      layout_loops_cross, nicolae_lava_and_water, uniq_eustachio,
          uniq_duvessa, uniq_grinder, uniq_blork_the_orc
Temple:   eino_temple_lava

Skill      XL: |  1  2  3  4  5  6  7  8 |
---------------+-------------------------+-----
Armour         | 1 2 3 4 5 |  5.7
Dodging        | 3 4 5 |  5.9
Fighting       | 3 4 |  4.2
Maces & Flails | 1 2 4 |  4.9
Polearms       | 3 |  3.3
Throwing       | |  1.7

Action                   |  1- 3 |  4- 6 |  7- 9 || total
-------------------------+-------+-------+-------++-------
Melee: Trident           |   121 |    72 |    86 ||   279
       Kick              |       |    61 |    89 ||   150
       Mace              |       |   138 |   170 ||   308
  Use: Scroll            |     3 |     3 |       ||     6
  Eat: Chunk             |     3 |     6 |     3 ||    12
       Ration            |       |       |     1 ||     1
Armor: Chain mail        |    40 |   113 |   109 ||   262
       Ring mail         |     2 |       |       ||     2
Dodge: Dodged            |    67 |   126 |   134 ||   327
